 Dungeon Crawl Stone Soup version 0.30-a0-169-g06f667207d (webtiles) character file.

Game seed: 5799339917090613237

1094 qw the Chopper (level 8, -4/49 HPs)
             Began as a Gargoyle Fighter on Sept 29, 2022.
             Slain by an iguana (6 damage)
             ... on level 5 of the Dungeon.
             The game lasted 00:01:34 (4387 turns).

qw the Chopper (Gargoyle Fighter)                   Turns: 4387, Time: 00:01:35

Health: -4/49      AC: 20    Str: 22    XL:     8   Next: 31%
Magic:  8/8        EV:  7    Int:  9    God:
Gold:   207        SH:  4    Dex:  9    Spells: 7/7 levels left

rFire   + . .      SeeInvis .    Y - +1 war axe
rCold   . . .      Faith    .    c - +0 buckler
rNeg    + . .      Spirit   .    l - +0 chain mail
rPois   inf        Reflect  .    i - +0 helmet
rElec   +          Harm     .    n - +2 cloak
rCorr   +          Rampage  .    j - +0 pair of gloves
Will    .....                    (no boots)
Stlth   ..........               (no amulet)
HPRegen 0.16/turn                g - ring of protection from fire
MPRegen 0.11/turn                q - ring of resist corrosion

@: no status effects
A: sickness immunity, AC +5, negative energy resistance 1, electricity
resistance, torment resistance 1, petrification resistance
a: no special abilities


You were on level 5 of the Dungeon.
You visited 1 branch of the dungeon, and saw 5 of its levels.

You collected 207 gold pieces.


Innate Abilities, Weirdness & Mutations

You are immune to sickness and miasma.
Your stone body is resilient. (AC +5)
You are immune to poison.
You resist negative energy. (rN+)
You are resistant to electric shocks. (rElec)
You are resistant to unholy torment.
You are immune to petrification.


   Skills:
 - Level 5.2 Fighting
 + Level 7.5 Axes
 - Level 1.0 Throwing
 - Level 4.0 Armour
 - Level 1.6 Dodging
 - Level 3.2 Shields


You had 7 spell levels left.
You didn't know any spells.
Your spell library was empty.

Inventory:

Hand Weapons
 p - a +2 vorpal flail
 Y - a +1 war axe (weapon)
Missiles
 e - 2 silver boomerangs (quivered)
Armour
 c - a +0 buckler (worn)
 i - a +0 helmet (worn)
 j - a +0 pair of gloves (worn)
 l - a +0 chain mail (worn)
 n - a +2 cloak (worn)
Jewellery
 g - a ring of protection from fire (left hand)
 h - a ring of ice
 q - a ring of resist corrosion (right hand)
Scrolls
 k - 5 scrolls of identify
Potions
 a - 2 potions of mutation
 d - a potion of might
 f - a potion of haste
 m - a potion of lignification
 o - a potion of cancellation {unknown}

Dungeon Overview and Level Annotations

Branches:
Dungeon (5/15)
 Temple: D:4-7

Altars:
Wu Jian


Message History

Your surroundings suddenly seem different.
You start resting.
A gnoll is nearby!
The gnoll shouts!
A gnoll comes into view. It is wielding a +0 flail.
The gnoll shouts!
The gnoll hits you from afar with a +0 halberd.
4376 ||| READING scroll of teleportation.
As you read the scroll of teleportation, it crumbles to dust.
You feel strangely unstable.
The gnoll hits you from afar with a +0 halberd.
The gnoll closely misses you.
You slash the gnoll!
You kill the gnoll!
Your surroundings suddenly seem different.
An iguana comes into view.
The iguana hisses angrily.
The orc priest shouts!
The orc priest invokes the aid of Beogh against you.
Pain shoots through your body!
The orc priest hits you but does no damage.
The orc priest hits you with a +0 trident.
You slash the orc priest!
You kill the orc priest!
4382 ||| FLEEEEING.
You barely miss the iguana.
The iguana bites you but does no damage.
You slash the iguana!
The iguana is heavily wounded.
The iguana bites you but does no damage.
You barely miss the iguana.
The iguana is heavily wounded.
The iguana barely misses you.
You hit the iguana.
The iguana is severely wounded.
The iguana bites you but does no damage.
You hit the iguana.
The iguana is almost dead.
The iguana bites you but does no damage.
The iguana bites you.
You die...

..### #.............#
....#
######'##########
....# ..............#
....# ..............#
....# ..............#
.[..# ..............#
....##..............#
.....#..............#
.....#..........@...#
.....# ........l..).#
.....# .............#
.....# .............#
.....# .............#
.....# .............#
.....# ......)).....#
.....# .............#
.....# ##......######


You could see an iguana.

Vanquished Creatures
  A black bear (D:5)
  An ogre (D:5)
  2 phantoms
  A necrophage (D:5)
  4 scorpions
  A jelly (D:4)
  4 orc priests
  2 hounds
  2 iguanas
  An orc wizard (D:5)
  Robin (D:2)
  A gnoll (D:5)
  6 adders
  2 ufetubi (D:5)
  2 worms
  3 dart slugs
  11 orcs
  8 ball pythons
  2 bats
  6 endoplasms
  2 giant cockroaches (D:2)
  16 goblins
  8 hobgoblins
  4 jackals
  A quokka (D:3)
  2 frilled lizards
  6 kobolds
  3 rats (D:1)
103 creatures vanquished.

Notes
Turn   | Place    | Note
-------+----------+-------------------------------------------
     0 | D:1      | qw the Gargoyle Fighter began the quest for the Orb.
     0 | D:1      | Reached XP level 1. HP: 14/14 MP: 1/1
     0 | D:1      | 0 ||| qw: Version: 0.2-a-12-gaebbb33
     0 | D:1      | 0 ||| qw: Game counter: 1327
     0 | D:1      | 0 ||| qw: Always use a shield: true
     0 | D:1      | 0 ||| qw: God list: Okawaru
     0 | D:1      | 0 ||| qw: Allow faded altars: false
     0 | D:1      | 0 ||| qw: Do Orc after D:15 true
     0 | D:1      | 0 ||| qw: Do second Lair branch before Depths: true
     0 | D:1      | 0 ||| qw: Lair rune preference: random
     0 | D:1      | 0 ||| qw: Plans: Normal, Zot:1-4, God:TSO, Crypt, Tomb,
                  | Pan, Slime:5, Hells, Abyss, Orb
     0 | D:1      | 0 ||| PLANNING D:1-11
    38 | D:1      | Reached skill level 2 in Axes
   152 | D:1      | Reached XP level 2. HP: 15/19 MP: 2/2
   431 | D:1      | 431 ||| Stepping ~*~*~tactically~*~*~ (hiding).
   432 | D:1      | 432 ||| Stepping ~*~*~tactically~*~*~ (hiding).
   812 | D:1      | Reached skill level 3 in Axes
   886 | D:1      | Reached XP level 3. HP: 23/23 MP: 3/3
  1098 | D:1      | 1098 ||| UPGRADING to +0 pair of gloves.
  1103 | D:1      | 1103 ||| DROPPING +1 leather armour of poison resistance.
  1104 | D:1      | 1104 ||| UPGRADING to ring of protection from fire.
  1105 | D:1      | 1105 ||| READING scroll labelled QOUTTU SYNI.
  1106 | D:1      | 1106 ||| READING scroll labelled YSUC REOSK.
  1107 | D:1      | 1107 ||| READING 3 scrolls labelled RAISTIAP KENLO.
  1108 | D:1      | 1108 ||| DRINKING 2 fizzy purple potions.
  1109 | D:1      | 1109 ||| READING 2 scrolls of identify.
  1109 | D:1      | 1109 ||| IDENTIFYING dark potion
  1110 | D:1      | 1110 ||| DROPPING potion of brilliance.
  1211 | D:2      | 1211 ||| Stepping ~*~*~tactically~*~*~ (stealth).
  1212 | D:2      | 1212 ||| Stepping ~*~*~tactically~*~*~ (stealth).
  1215 | D:2      | 1215 ||| Stepping ~*~*~tactically~*~*~ (stealth).
  1217 | D:2      | Noticed Robin
  1218 | D:2      | 1218 ||| Stepping ~*~*~tactically~*~*~ (hiding).
  1226 | D:2      | Killed Robin
  1232 | D:2      | Reached XP level 4. HP: 18/28 MP: 4/4
  1453 | D:2      | Found a faded altar of an unknown god.
  1588 | D:2      | Found an ornate altar of the Wu Jian Council.
  1685 | D:2      | Reached skill level 4 in Axes
  1942 | D:2      | 1942 ||| UPGRADING to +0 helmet.
  1947 | D:2      | 1947 ||| UPGRADING to +0 chain mail.
  1957 | D:2      | 1957 ||| DROPPING +0 scale mail.
  1958 | D:2      | 1958 ||| UPGRADING to +2 cloak.
  1963 | D:2      | 1963 ||| READING 3 scrolls labelled SIZUSHRECEE.
  1964 | D:2      | 1964 ||| READING 3 scrolls labelled GISYEW DIAJY.
  1965 | D:2      | 1965 ||| READING 6 scrolls of identify.
  1965 | D:2      | 1965 ||| IDENTIFYING clear potion
  1966 | D:2      | 1966 ||| READING 5 scrolls of identify.
  1966 | D:2      | 1966 ||| IDENTIFYING bubbling orange potion
  1967 | D:2      | 1967 ||| DROPPING 2 scrolls of magic mapping.
  1968 | D:2      | 1968 ||| DROPPING 2 scrolls of blinking.
  2157 | D:3      | Reached skill level 1 in Throwing
  2496 | D:3      | Reached XP level 5. HP: 32/32 MP: 5/5
  2500 | D:3      | 2500 ||| Stepping ~*~*~tactically~*~*~ (stealth).
  2501 | D:3      | 2501 ||| Stepping ~*~*~tactically~*~*~ (stealth).
  2706 | D:3      | 2706 ||| UPGRADING to ring of resist corrosion.
  2707 | D:3      | 2707 ||| READING 2 scrolls labelled NAGOVO WADWYB.
  2712 | D:3      | 2712 ||| READING scroll labelled VITETA NEMEDGH.
  2713 | D:3      | 2713 ||| READING 5 scrolls of identify.
  2713 | D:3      | 2713 ||| IDENTIFYING fuming cyan potion
  2714 | D:3      | 2714 ||| DROPPING potion of degeneration.
  2730 | D:4      | Noticed a phantom
  2745 | D:4      | Killed a phantom
  2746 | D:4      | Reached skill level 5 in Axes
  2932 | D:4      | Reached XP level 6. HP: 38/38 MP: 6/6
  3035 | D:4      | 3035 ||| FLEEEEING.
  3107 | D:4      | 3107 ||| DROPPING +0 club.
  3281 | D:4      | 3281 ||| Stepping ~*~*~tactically~*~*~ (stealth).
  3283 | D:4      | 3283 ||| Stepping ~*~*~tactically~*~*~ (stealth).
  3288 | D:4      | 3288 ||| Stepping ~*~*~tactically~*~*~ (stealth).
  3289 | D:4      | 3289 ||| Stepping ~*~*~tactically~*~*~ (stealth).
  3320 | D:4      | 3320 ||| DROPPING +0 flail.
  3464 | D:4      | 3464 ||| READING scroll labelled FERIBR PEUTUHA.
  3465 | D:4      | 3465 ||| READING scroll labelled WIRENAF GYCUMI.
  3466 | D:4      | 3466 ||| READING 5 scrolls of identify.
  3466 | D:4      | 3466 ||| IDENTIFYING viscous golden potion
  3467 | D:4      | 3467 ||| DROPPING potion of invisibility.
  3481 | D:5      | Entered Level 5 of the Dungeon
  3514 | D:5      | Reached skill level 6 in Axes
  3514 | D:5      | Reached XP level 7. HP: 38/44 MP: 7/7
  3570 | D:5      | Reached skill level 1 in Dodging
  3849 | D:5      | 3849 ||| FLEEEEING.
  3850 | D:5      | 3850 ||| FLEEEEING.
  3852 | D:5      | 3852 ||| FLEEEEING.
  3853 | D:5      | 3853 ||| FLEEEEING.
  3854 | D:5      | 3854 ||| FLEEEEING.
  3855 | D:5      | 3855 ||| FLEEEEING.
  3856 | D:5      | 3856 ||| FLEEEEING.
  3857 | D:5      | 3857 ||| FLEEEEING.
  3858 | D:5      | 3858 ||| FLEEEEING.
  3859 | D:5      | 3859 ||| FLEEEEING.
  4021 | D:5      | Reached skill level 7 in Axes
  4068 | D:5      | 4068 ||| Stepping ~*~*~tactically~*~*~ (hiding).
  4080 | D:5      | Reached XP level 8. HP: 34/48 MP: 8/8
  4223 | D:5      | 4223 ||| Stepping ~*~*~tactically~*~*~ (stealth).
  4282 | D:5      | HP: 9/49 [orc priest/divine providence (9)]
  4283 | D:5      | 4283 ||| READING 2 scrolls of teleportation.
  4283 | D:5      | HP: 1/49 [something/magic dart (8)]
  4375 | D:5      | HP: 12/49 [gnoll/+0 halberd (3)]
  4376 | D:5      | 4376 ||| READING scroll of teleportation.
  4378 | D:5      | HP: 5/49 [orc priest/nerve-wracking pain (2)]
  4380 | D:5      | HP: 1/49 [orc priest/+0 trident (4)]
  4382 | D:5      | 4382 ||| FLEEEEING.
  4387 | D:5      | Slain by an iguana

Levels and vault maps discovered:
D:1:      tarquinn_simple_flora_water_e, layout_basic
D:2:      layout_rooms, basic_altar, shapermc_ecumenical_altar_mp_vishouse,
          roderic_lattice_a, hex_medium, minmay_misc_feat_doors, uniq_robin
D:3:      layout_loops_ring, eino_tiny_chamber, chequers_serial_rivers_micro_a
D:4:      layout_rooms
D:5:      layout_basic

Skill      XL: |  1  2  3  4  5  6  7  8 |
---------------+-------------------------+-----
Axes           | 2 3 4 5 6 7 |  7.5
Throwing       | 1 |  1.0
Fighting       | 4 5 |  5.2
Dodging        | 1 |  1.6
Armour         | 4 |  4.0
Shields        | |  3.2

Action                   |  1- 3 |  4- 6 |  7- 9 || total
-------------------------+-------+-------+-------++-------
Melee: War axe           |    78 |   160 |    61 ||   299
Throw: Javelin           |       |    16 |     5 ||    21
       Boomerang         |       |       |     4 ||     4
  Use: Scroll            |     4 |    10 |     2 ||    16
       Potion            |     1 |       |       ||     1
Armor: Scale mail        |    35 |    10 |       ||    45
       Chain mail        |       |    83 |    41 ||   124
Dodge: Dodged            |    21 |    58 |    25 ||   104
Block: Buckler           |    18 |    31 |    14 ||    63

Table legend:
 A = Non-vault XP
 B = Vault XP
 C = Vault XP percentage of total XP
 D = Non-vault monster count
 E = Vault monster count
 F = Vault count percentage of total count
                 A         B        C        D         E       F
            +---------+---------+-------+---------+---------+-------
      Total |    1524 |      40 |   2.6 |      90 |      13 |  12.6
            +---------+---------+-------+---------+---------+-------
        D:1 |      43 |       0 |   0.0 |      23 |       0 |   0.0
        D:2 |      18 |      40 |  69.0 |      10 |      13 |  56.5
        D:3 |      74 |       0 |   0.0 |      14 |       0 |   0.0
        D:4 |     414 |       0 |   0.0 |      21 |       0 |   0.0
        D:5 |     975 |       0 |   0.0 |      22 |       0 |   0.0
            +---------+---------+-------+---------+---------+-------
